[Event "Krakow Championship-A 2022"]
[Site "Krakow"]
[Date "2022.06.29"]
[Round "6.9"]
[White "Seemann, Jakub"]
[Black "Murphy, Conor E"]
[Result "0-1"]
[ECO "E04"]
[WhiteElo "2363"]
[BlackElo "2395"]
[Annotator "TA"]
[PlyCount "112"]
[EventDate "2022.06.25"]
[EventType "swiss"]
[EventCountry "POL"]
[SourceTitle "playchess.com"]
[Source "ChessBase"]
[SourceQuality "1"]
[TimeControl "40/5400+30:1800+30"]

1. d4 d5 2. c4 e6 3. Nf3 Nf6 4. g3 dxc4 5. Bg2 Bb4+ 6. Bd2 a5 7. Qc2 {[%emt 0:00:44] E04: Open Catalan: 5 Nf3.} Bxd2+ 8. Nbxd2 b5 9. O-O {[%emt 0:03:16] The position is equal.} O-O 10. a4 c6 11. b3 cxb3 12. Nxb3 Ba6 13. Nc5 Nd5 14. Ne5 {[%emt 0:03:01] [#]} bxa4 $146 (14... b4 $11) ({Predecessor:} 14... b4 15. Rfe1 Qe7 16. e3 Rc8 17. h4 f6 18. Ned3 Bxd3 19. Qxd3 Nd7 20. Rec1 Ra7 {1-0 (77) Michalik,P (2566)-Zwardon,V (2470) Legnica 2021}) 15. Be4 ({Of course not} 15. Rxa4 Bb5 $11) (15. Nxa6 $14 {should be considered.} Rxa6 16. Rfc1) 15... h6 $11 16. Nxe6 $2 fxe6 $19 17. Bh7+ Kh8 18. Ng6+ Kxh7 19. Nxf8+ Kg8 20. Nxe6 Qf6 21. Nc5 Bb5 (21... Qxd4 22. Nxa6 (22. Rxa4 Nb4 $11) 22... Nxa6 23. Qxc6 $11) 22. Rfd1 (22. Nxa4 $142 Na6 23. Qd2) 22... Na6 23. Nxa4 (23. Nxa6 {keeps fighting.} Rxa6 24. e4) 23... Nab4 24. Qd2 Re8 ({Don't go for} 24... Rf8 $2 25. Rf1 $19) 25. Re1 Qf5 {[%emt 0:02:20] ...Nc2 is the strong threat.} ({And not} 25... Rf8 26. e4 Nc7 27. Nc5 $15) 26. e4 Rxe4 27. Nc5 Rxe1+ 28. Qxe1 Kh7 $2 (28... Nc2 $19 {has better winning chances.} 29. Qe8+ Kh7) 29. Qe8 (29. Rxa5 $17 {nothing else works.} Nc2 30. Qe4 Nxd4 31. Qxf5+ Nxf5 32. f4) 29... Nc7 $2 (29... Nc2 30. Rd1 Nxd4 $1 ) 30. Qd8 $2 (30. Qe5 Qf7 31. Qe4+ Qg6 32. Qxg6+ Kxg6 33. Rxa5) 30... Ne6 31. Nxe6 Qxe6 32. Qxa5 Nc2 33. Rd1 Qe4 {[%emt 0:02:17][%cal Oc2e3] ( -> ...Ne3!)} 34. Qc3 {[%emt 0:01:27] Against Ne3} Be2 {[%emt 0:00:30] Prevents f3.} 35. f3 Bxf3 36. Qd3 Kg6 37. Kf2 Qxd3 38. Rxd3 Be4 39. Rd1 Kf5 40. h3 Ke6 41. Rb1 Nxd4 42. Rb7 Nf5 43. g4 {[%emt 0:00:00] [#]} Ne7 44. Ke3 Bg2 45. h4 c5 46. Ra7 c4 {[%emt 0:02:50] White must now prevent ...c3.} 47. Ra2 Bf1 48. Kd4 (48. Ra1 Bd3 49. Ra7) 48... Nc6+ {[%emt 0:01:33] Black is clearly winning.} 49. Kc5 Ne5 50. Ra6+ Kf7 51. Ra7+ Kg6 52. Ra6+ {[%emt 0:00:00] [#]} Kh7 $1 {[%emt 0:00:46] And now ...c3 would win.} 53. Ra1 Be2 54. g5 h5 55. Kd4 Ng6 56. Rh1 Bd3 {[%emt 0:00:48] Weighted Error Value: White=0.68/Black=0.39} 0-1

[Event "Krakow Championship-A 2022"]
[Site "Krakow"]
[Date "2022.06.29"]
[Round "6.10"]
[White "Skytte, Rasmus"]
[Black "Szustakowski, Antoni"]
[Result "1-0"]
[ECO "C11"]
[WhiteElo "2357"]
[BlackElo "2265"]
[Annotator "TA"]
[PlyCount "67"]
[EventDate "2022.06.25"]
[EventType "swiss"]
[EventCountry "POL"]
[SourceTitle "playchess.com"]
[Source "ChessBase"]
[SourceQuality "1"]
[TimeControl "40/5400+30:1800+30"]

1. e4 e6 2. d4 d5 3. Nc3 Nf6 4. e5 Nfd7 5. f4 c5 6. Nf3 Nc6 7. Be3 a6 8. a3 b5 {[%emt 0:07:58] C11: French: Classical System: 4 e5 and 4 Bg5 dxe4.} 9. Bd3 Qb6 10. O-O cxd4 {[%emt 0:21:25] White has an edge.} 11. Bf2 b4 (11... Bc5 $11 {keeps the balance.} 12. Na2 Qa7) 12. Na4 $16 {[%emt 0:02:32] [#]} Qc7 $146 ({Predecessor:} 12... Qa5 13. axb4 Qxb4 14. Nxd4 Nxd4 15. c3 Qb3 16. cxd4 Qxd1 17. Rfxd1 Bb4 18. f5 O-O 19. Rdc1 a5 20. Rc7 Re8 21. Bb5 {1-0 (21) Curdo,J (2252)-Goldberg,B (2019) Lowell 2003}) 13. axb4 (13. Nxd4 $6 bxa3 14. bxa3 Nxd4 15. Bxd4 Nc5 16. Nxc5 Bxc5 $11) 13... Bxb4 14. Nxd4 O-O 15. Kh1 (15. Qh5 g6 16. Qh6 Nxd4 17. Bxd4 Re8 $14) (15. c3 $16 Be7 16. g3 (16. Qh5 g6 $14)) 15... a5 (15... Nxd4 $14 16. Bxd4 g6) 16. c3 ({Don't do} 16. Qh5 $6 g6 17. Qh6 Ba6 $14) 16... Be7 {[%emt 0:00:20] [#]} 17. Qe2 {[%emt 0:03:02] 0x0.0017646f4e0ddp-1022s more active pieces. The black rooks are badly placed.} (17. Qh5 $142 $1 g6 18. Qe2) 17... Nxd4 18. Bxd4 $40 {[%emt 0:10:29][%mdl 128] White attacks.} f6 {[%emt 0:00:07] A mistake that costs the game.} (18... Nc5 $14) 19. exf6 $18 Nxf6 20. Nb6 Rb8 21. Nxc8 Qxc8 22. Rxa5 Bd6 (22... Bd8 {was necessary.}) 23. Ra6 (23. b4 $142) 23... Qd7 $2 (23... Bc5 24. Bxc5 (24. Rxe6 Bxd4 25. cxd4 Rxb2 $14) 24... Qxc5 25. Rxe6 (25. Qxe6+ Kh8 $18) 25... Qc7) 24. Ra7 Qe8 25. b4 Rf7 26. Ra6 Rd8 27. g3 Re7 28. Re1 Qf7 29. b5 e5 30. Bxe5 Bxe5 31. fxe5 {[%emt 0:00:07] White is clearly winning.} Nd7 32. Rd6 Qe8 (32... Qf8 $142 33. Rxd5 Rxe5) 33. Rxd5 Nb6 {[%emt 0:00:03] [#]} 34. Bxh7+ $1 {[%emt 0:01:46] Weighted Error Value: White=0.23 (precise) /Black=0.61} 1-0

[Event "Krakow Championship-A 2022"]
[Site "Krakow"]
[Date "2022.06.29"]
[Round "6.11"]
[White "Jacobsen, Mikkel Manosri"]
[Black "Lye, Lik Zang"]
[Result "1-0"]
[ECO "A00"]
[WhiteElo "2251"]
[BlackElo "2358"]
[Annotator "TA"]
[PlyCount "72"]
[EventDate "2022.06.25"]
[EventType "swiss"]
[EventCountry "POL"]
[SourceTitle "playchess.com"]
[Source "ChessBase"]
[SourceQuality "1"]
[TimeControl "40/5400+30:1800+30"]

1. e3 d5 2. Nf3 Nf6 3. c4 c6 4. Nc3 a6 5. b3 Bf5 6. Bb2 {[%emt 0:02:56] A11: English Opening: 1...c6.} e6 7. Be2 h6 8. O-O {[%emt 0:01:04] The position is equal.} Nbd7 9. d3 Be7 10. cxd5 cxd5 11. e4 {[%emt 0:00:10] [#]} Bh7 $146 ({Predecessor:} 11... dxe4 12. dxe4 Bh7 13. e5 Ne4 14. Nxe4 Bxe4 15. Qd4 Bd5 16. Rfd1 O-O 17. Qg4 Rc8 {½-½ (42) Miroshnichenko,E (2619)-Drozdovskij,Y (2509) Cappelle la Grande 2006}) 12. e5 Ng4 13. d4 {[%emt 0:09:03] Threatens to win with h3.} h5 14. Ne1 Bf5 15. h3 Nh6 16. Bxh5 Bb4 17. Bf3 Qg5 18. Ne2 Qh4 19. Nd3 Bxd3 20. Qxd3 g5 21. Rfc1 Ba5 22. Ba3 (22. Rc2 $1 $18) 22... Bb6 $2 {[%emt 0:03:16] [#]} (22... Rg8 $16 23. Rc2 (23. Qh7 Nf8 $14) 23... g4) 23. Qd2 $1 $18 a5 24. Rc2 ({Not} 24. g3 Qxh3 25. Qxg5 (25. Bg2 Qg4 $14) 25... Nf5 $16) 24... g4 (24... Rd8 {keeps fighting.} 25. Rd1 (25. g3 Qxh3 26. Qxg5 Nf5 $16) 25... g4) 25. Qf4 (25. g3 $142 Qh5 {[#]} 26. Rac1 $1) 25... Rg8 26. Nc3 Qg5 27. Qxg5 Rxg5 28. Bxg4 {[%emt 0:00:02] Strongly threatening Nb5.} Bxd4 29. Rac1 $40 {[%emt 0:00:01][%mdl 128] White wants a kill.} Bxc3 {[%emt 0:00:43] This move loses the game for Black.} (29... Nxg4 $2 30. Nxd5 Bxf2+ 31. Kf1) (29... Kd8 $16 {was worth a try.}) 30. Rxc3 {[%emt 0:00:01][%cal Bc2c3,Bc3c7,Bc7b7][%mdl 32] Intending Rc8+ and mate.} Nxe5 31. f4 Rxg4 32. hxg4 Nexg4 33. Rc7 Nf5 $2 (33... d4 34. Rxb7 Ne3) 34. Rxb7 {[%emt 0:00:02] White wants to mate with Rcc7.} d4 35. Rcc7 Ngh6 36. g4 Ne3 {[%emt 0:00:00] Weighted Error Value: White=0.14 (very precise) /Black=0.57} 1-0

[Event "Krakow Championship-A 2022"]
[Site "Krakow"]
[Date "2022.06.29"]
[Round "6.12"]
[White "Piekielny, Pawel"]
[Black "Turcan, Richard"]
[Result "1-0"]
[ECO "B82"]
[WhiteElo "2230"]
[BlackElo "2278"]
[Annotator "NA RC"]
[PlyCount "49"]
[EventDate "2022.06.25"]
[EventType "swiss"]
[EventCountry "POL"]
[SourceTitle "playchess.com"]
[Source "ChessBase"]
[SourceQuality "1"]
[TimeControl "40/5400+30:1800+30"]

1. e4 c5 2. Nf3 e6 3. d4 cxd4 4. Nxd4 Nf6 5. Nc3 d6 6. f4 Nc6 7. Nb3 Be7 8. Qf3 O-O 9. Be3 Qc7 10. g4 a6 11. g5 Nd7 12. O-O-O b5 13. Rg1 Bb7 14. Qf2 Na5 15. Bd3 Nxb3+ 16. axb3 Nc5 17. b4 Nxd3+ 18. Rxd3 d5 19. Bd4 dxe4 20. Rh3 e5 21. Qh4 h6 22. Bxe5 Qb6 23. Rgg3 Qg6 24. Bf6 h5 25. f5 1-0

[Event "Krakow Championship-A 2022"]
[Site "Krakow"]
[Date "2022.06.29"]
[Round "6.13"]
[White "Lim, Zhuo Ren"]
[Black "Paszewski, Mateusz"]
[Result "1/2-1/2"]
[ECO "D44"]
[WhiteElo "2290"]
[BlackElo "2286"]
[Annotator "NA RC"]
[PlyCount "77"]
[EventDate "2022.06.25"]
[EventType "swiss"]
[EventCountry "POL"]
[SourceTitle "playchess.com"]
[Source "ChessBase"]
[SourceQuality "1"]
[TimeControl "40/5400+30:1800+30"]

1. d4 d5 2. Nf3 Nf6 3. c4 c6 4. Nc3 e6 5. Bg5 dxc4 6. e4 b5 7. e5 h6 8. Bh4 g5 9. Nxg5 hxg5 10. Bxg5 Nbd7 11. g3 Bb7 12. Bg2 Qb6 13. exf6 O-O-O 14. O-O c5 15. d5 b4 16. Na4 Qa6 17. a3 Bxd5 18. Bxd5 Ne5 19. Nxc5 Bxc5 20. axb4 Bxf2+ 21. Kxf2 Qb6+ 22. Kg2 Rxd5 23. Qe2 Qc6 24. Kg1 Nd3 25. Be3 Rdh5 26. h4 Rg8 27. Qg2 Qxg2+ 28. Kxg2 Rxh4 29. Rxa7 Rhg4 30. Ra8+ Kd7 31. Rxg8 Rxg8 32. b3 e5 33. bxc4 Nxb4 34. Rb1 Nc2 35. Bf2 Rc8 36. Rb7+ Ke6 37. Rb6+ Kf5 38. c5 Nd4 39. Bxd4 1/2-1/2

[Event "Krakow Championship-A 2022"]
[Site "Krakow"]
[Date "2022.06.29"]
[Round "6.14"]
[White "Stevik, Patrik jun."]
[Black "Marszalek, Maciej"]
[Result "1/2-1/2"]
[ECO "B32"]
[WhiteElo "2188"]
[BlackElo "2290"]
[Annotator "NA RC"]
[PlyCount "80"]
[EventDate "2022.06.25"]
[EventType "swiss"]
[EventCountry "POL"]
[SourceTitle "playchess.com"]
[Source "ChessBase"]
[SourceQuality "1"]
[TimeControl "40/5400+30:1800+30"]

1. Nf3 c5 2. e4 Nc6 3. d4 cxd4 4. Nxd4 e5 5. Nb5 d6 6. N1c3 a6 7. Na3 b5 8. Nd5 Nge7 9. c4 Nd4 10. Bd3 Nxd5 11. cxd5 Be7 12. O-O O-O 13. Be3 f5 14. Bxd4 exd4 15. Nc2 f4 16. Nxd4 Bf6 17. Nc6 Qe8 18. f3 Bxb2 19. Rb1 Ba3 20. Kh1 Bd7 21. Re1 Bxc6 22. dxc6 Kh8 23. e5 dxe5 24. Be4 Qe7 25. Qc2 g6 26. Red1 Rad8 27. Rxd8 Rxd8 28. Rd1 Rxd1+ 29. Qxd1 Bd6 30. g3 fxg3 31. hxg3 Qe6 32. g4 Kg7 33. Qd2 Bc7 34. Kg2 Qd6 35. Qe3 Qd4 36. Qa3 Qd2+ 37. Kh3 Qh6+ 38. Kg2 Qd2+ 39. Kh3 Qh6+ 40. Kg2 Qd2+ 1/2-1/2

[Event "Krakow Championship-A 2022"]
[Site "Krakow"]
[Date "2022.06.29"]
[Round "6.15"]
[White "Sieber, Fiona"]
[Black "Mikrut, Dariusz"]
[Result "1/2-1/2"]
[ECO "B28"]
[WhiteElo "2264"]
[BlackElo "2361"]
[Annotator "TA"]
[PlyCount "85"]
[EventDate "2022.06.25"]
[EventType "swiss"]
[EventCountry "POL"]
[SourceTitle "playchess.com"]
[Source "ChessBase"]
[SourceQuality "1"]
[TimeControl "40/5400+30:1800+30"]

1. e4 c5 2. Nf3 a6 3. c4 e6 4. Nc3 Qc7 5. Be2 Nc6 6. O-O Nf6 7. d4 cxd4 8. Nxd4 Bb4 9. Nxc6 dxc6 10. Qb3 {[%emt 0:01:15] B41: Sicilian: Kan Variation: 5 c4.} Bd6 11. f4 e5 12. f5 Bc5+ 13. Kh1 Bd4 14. Bf3 b6 {[%emt 0:04:59] [#]} 15. Bg5 $146 ({Predecessor:} 15. Ne2 c5 16. g4 Bb7 17. Qc2 h6 18. Bd2 O-O-O 19. Ng3 Rd6 20. Rad1 Rhd8 21. g5 hxg5 22. Bxg5 {0-1 (35) Ozbilici,A (1813)-Haznedaroglu,K (2451) Malatya 2015}) 15... h6 16. Bh4 Bb7 17. Qc2 O-O-O ({Better is} 17... Qe7 $11) 18. Rae1 (18. b4 $14) 18... Rd6 (18... Bxc3 $11 19. Qxc3 c5) 19. Ne2 (19. b4 $14) 19... c5 $1 $11 20. Ng3 (20. a3 $11) 20... Nh7 $15 21. Nh5 {[%emt 0:03:33] [#]} (21. Ne2 $15) 21... f6 ({Black should try} 21... g6 $1 $19 {Threatens to win with ...Kb8.} 22. fxg6 fxg6) 22. Re2 Ng5 23. Be1 Qf7 24. Ng3 h5 {[%emt 0:00:23] aiming for ...h4.} 25. h4 Nxf3 26. gxf3 Kb8 27. Bd2 (27. Rg2 $15) 27... Bc8 (27... Rg8 $17 {Black wants to play ...g5.} 28. Rg2 g6 29. fxg6 Rxg6) 28. Rg2 $1 $11 Rg8 29. Ne2 Qd7 (29... Bb7 $11) 30. Nxd4 $16 Rxd4 31. Bc3 {[%emt 0:00:43] White is more active.} (31. Bh6 $16) 31... Rd3 $11 32. Rd2 Rd8 33. Rxd3 Qxd3 34. Qxd3 Rxd3 $14 {[%emt 0:00:01][%mdl 4096] Endgame KRB-KRB} 35. Kg2 b5 36. Kf2 bxc4 37. Rg1 Rd7 38. Ke3 {[%emt 0:01:34][%mdl 1024] White has compensation.} Bb7 {[%emt 0:00:27] The position is equal.} 39. Ba5 Bc6 40. Rg2 Rd3+ 41. Ke2 Rd7 42. Ke1 Rd3 43. Ke2 {[%emt 0:00:00] Weighted Error Value: White=0.22 (precise) /Black=0.30} 1/2-1/2

[Event "Krakow Championship-A 2022"]
[Site "Krakow"]
[Date "2022.06.29"]
[Round "6.16"]
[White "Liu, Casper"]
[Black "Easwaralingam, Adesh"]
[Result "1-0"]
[ECO "E01"]
[WhiteElo "2218"]
[BlackElo "2116"]
[Annotator "NA RC"]
[PlyCount "69"]
[EventDate "2022.06.25"]
[EventType "swiss"]
[EventCountry "POL"]
[SourceTitle "playchess.com"]
[Source "ChessBase"]
[SourceQuality "1"]
[TimeControl "40/5400+30:1800+30"]

1. d4 Nf6 2. c4 e6 3. g3 d5 4. Bg2 dxc4 5. Qa4+ c6 6. Qxc4 b5 7. Qd3 Bb7 8. Nc3 Qb6 9. Nh3 Nbd7 10. O-O a6 11. a4 Rd8 12. Be3 Nd5 13. Nxd5 cxd5 14. axb5 axb5 15. Bd2 b4 16. Rfc1 Bd6 17. Bf4 Bxf4 18. Nxf4 O-O 19. e3 Ra8 20. Qb3 Rxa1 21. Rxa1 Ba6 22. Qa4 Nb8 23. Bf1 Bxf1 24. Kxf1 Nc6 25. Nd3 Rb8 26. Rc1 Na7 27. Kg2 g6 28. Qd7 Rb7 29. Qe8+ Kg7 30. Nc5 Rc7 31. Nd7 Rxd7 32. Qxd7 Nb5 33. Rc6 Qa7 34. Qd8 Nxd4 35. Rc7 1-0

[Event "Krakow Championship-A 2022"]
[Site "Krakow"]
[Date "2022.06.29"]
[Round "6.17"]
[White "Kyc, Jerzy"]
[Black "Pniaczek, Marek"]
[Result "0-1"]
[ECO "C80"]
[WhiteElo "2213"]
[BlackElo "2298"]
[Annotator "NA RC"]
[PlyCount "74"]
[EventDate "2022.06.25"]
[EventType "swiss"]
[EventCountry "POL"]
[SourceTitle "playchess.com"]
[Source "ChessBase"]
[SourceQuality "1"]
[TimeControl "40/5400+30:1800+30"]

1. e4 e5 2. Nf3 Nc6 3. Bb5 a6 4. Ba4 Nf6 5. O-O Nxe4 6. Re1 Nc5 7. Bxc6 dxc6 8. Nxe5 Be7 9. d4 Ne6 10. Be3 O-O 11. c4 Ng5 12. Qd3 f6 13. Bxg5 fxg5 14. Nc3 Bf5 15. Qe3 Bf6 16. Rad1 Qd6 17. Ne4 Bxe4 18. Qxe4 Rfe8 19. g3 Rad8 20. f4 gxf4 21. gxf4 c5 22. d5 Re7 23. Re3 Rde8 24. Rde1 g6 25. R1e2 Bg7 26. h4 Rf8 27. Kg2 Rf5 28. Kg3 Bh6 29. b3 Bxf4+ 30. Qxf4 Rxf4 31. Kxf4 Qf6+ 32. Kg3 g5 33. hxg5 Qxg5+ 34. Kf2 Qh4+ 35. Kf1 Qh1+ 36. Kf2 Rg7 37. a3 Rg2+ 0-1

[Event "Krakow Championship-A 2022"]
[Site "Krakow"]
[Date "2022.06.29"]
[Round "6.18"]
[White "Goroshkov, Maksym"]
[Black "Kvaloy, Aksel Bu"]
[Result "1/2-1/2"]
[ECO "E92"]
[WhiteElo "2226"]
[BlackElo "2296"]
[Annotator "NA RC"]
[PlyCount "84"]
[EventDate "2022.06.25"]
[EventType "swiss"]
[EventCountry "POL"]
[SourceTitle "playchess.com"]
[Source "ChessBase"]
[SourceQuality "1"]
[TimeControl "40/5400+30:1800+30"]

1. Nf3 g6 2. e4 Bg7 3. d4 d6 4. c4 Nf6 5. Nc3 O-O 6. Be2 e5 7. dxe5 dxe5 8. Bg5 Nbd7 9. Qc2 c6 10. O-O-O h6 11. Bd2 Qe7 12. h3 Nc5 13. Be3 Nfd7 14. g4 Ne6 15. h4 Ndc5 16. Kb1 Nf4 17. Ne1 Nce6 18. Nd3 Nd4 19. Bxd4 exd4 20. Nxf4 dxc3 21. bxc3 Qc5 22. f3 b5 23. cxb5 a6 24. Nd3 Qxb5+ 25. Kc1 Qa5 26. Kd2 Be6 27. Ke1 Bxc3+ 28. Kf1 Rab8 29. Kg2 c5 30. Rb1 Bxa2 31. Ra1 Bxa1 32. Rxa1 Bb3 33. Rxa5 Bxc2 34. Nxc5 Rfd8 35. Bxa6 Ra8 36. Rb5 Bd3 37. Rb6 Bxa6 38. Nxa6 Rd3 39. Nb4 Rb3 40. Nd5 Ra2+ 41. Kg3 Rxb6 42. Nxb6 Kg7 1/2-1/2

[Event "Krakow Championship-A 2022"]
[Site "Krakow"]
[Date "2022.06.29"]
[Round "6.20"]
[White "Trybus, Daniel"]
[Black "Kantorik, Marian"]
[Result "1-0"]
[ECO "C71"]
[WhiteElo "2145"]
[BlackElo "2211"]
[Annotator "NA RC"]
[PlyCount "67"]
[EventDate "2022.06.25"]
[EventType "swiss"]
[EventCountry "POL"]
[SourceTitle "playchess.com"]
[Source "ChessBase"]
[SourceQuality "1"]
[TimeControl "40/5400+30:1800+30"]

1. e4 e5 2. Nf3 Nc6 3. Bb5 a6 4. Ba4 d6 5. c4 Bd7 6. d3 Nge7 7. Nc3 Ng6 8. Nd5 Be7 9. Be3 O-O 10. h4 f5 11. Ng5 Nf4 12. Nxe7+ Qxe7 13. Bxf4 exf4 14. Bb3 Nd4 15. c5+ Nxb3 16. Qxb3+ Kh8 17. O-O-O dxc5 18. Rde1 c4 19. Qxc4 Bb5 20. Qc3 fxe4 21. Rxe4 Qd7 22. Ne6 Rf6 23. Rhe1 Bc6 24. Re5 Re8 25. Qb3 Ba4 26. Qc4 Bb5 27. Nc5 Rxe5 28. Rxe5 Qc8 29. Qe4 Bc6 30. Qe1 h6 31. d4 Rf8 32. d5 Bd7 33. Re7 Be8 34. Qe5 1-0

[Event "Krakow Championship-A 2022"]
[Site "Krakow"]
[Date "2022.06.29"]
[Round "6.21"]
[White "Gahan M G"]
[Black "Shehzad, Shazil"]
[Result "0-1"]
[ECO "C44"]
[WhiteElo "2248"]
[BlackElo "2237"]
[Annotator "NA RC"]
[PlyCount "76"]
[EventDate "2022.06.25"]
[EventType "swiss"]
[EventCountry "POL"]
[SourceTitle "playchess.com"]
[Source "ChessBase"]
[SourceQuality "1"]
[TimeControl "40/5400+30:1800+30"]

1. e4 e5 2. Nf3 Nc6 3. d4 exd4 4. Nxd4 Nf6 5. Nc3 Bb4 6. Nxc6 bxc6 7. Bd3 d5 8. exd5 O-O 9. O-O cxd5 10. Bg5 Be6 11. Qf3 h6 12. Bxf6 Qxf6 13. Qxf6 gxf6 14. Ne2 c5 15. Ng3 c4 16. Be2 Rab8 17. Nh5 Bd6 18. Nxf6+ Kh8 19. Bf3 d4 20. Rab1 Be5 21. Ne4 d3 22. cxd3 cxd3 23. b3 Rbc8 24. Rbc1 Rc2 25. Rfd1 Rfc8 26. Rb1 f5 27. Ng3 d2 28. Nf1 Bc3 29. a4 Bb4 30. Ne3 Rc1 31. Rb2 Bc3 32. Rb1 Rxb1 33. Rxb1 Bb4 34. Nc4 Re8 35. Rf1 f4 36. Bd1 Bf5 37. Bh5 Re1 38. Nxd2 Bxd2 0-1

[Event "Krakow Championship-A 2022"]
[Site "Krakow"]
[Date "2022.06.29"]
[Round "6.22"]
[White "Gjestemoen-VonHirsch, Andre"]
[Black "Torkkola, Henri"]
[Result "1-0"]
[ECO "A15"]
[WhiteElo "2236"]
[BlackElo "2197"]
[Annotator "TA"]
[PlyCount "151"]
[EventDate "2022.06.25"]
[EventType "swiss"]
[EventCountry "POL"]
[SourceTitle "playchess.com"]
[Source "ChessBase"]
[SourceQuality "1"]
[TimeControl "40/5400+30:1800+30"]

1. c4 Nf6 2. g3 g6 3. Bg2 Bg7 4. Nc3 O-O 5. d3 d6 6. Rb1 a5 7. a3 e5 8. b4 axb4 9. axb4 c6 10. Nf3 Re8 11. O-O h6 12. Bb2 {[%emt 0:01:59] A24: English Opening vs King's Indian: Lines without ...Nc6.} Be6 {[%emt 0:00:51] [#]} 13. Ra1 $146 ({Predecessor:} 13. b5 Nbd7 14. Ra1 d5 15. Rxa8 Qxa8 16. bxc6 bxc6 17. cxd5 cxd5 18. Ba1 Rc8 19. Qb1 {0-1 (44) Kuzmin,E (2277)-Lorparizangeneh,S (2515) St Petersburg 2017}) 13... Na6 14. b5 {[%emt 0:02:51] The position is equal.} Nc5 15. Qc2 Qd7 16. Rfd1 Bg4 17. bxc6 (17. Rxa8 {looks sharper.} Rxa8 18. d4 exd4 19. Nxd4 Rc8 20. Ba3) 17... bxc6 18. Na4 Nxa4 19. Rxa4 Rxa4 20. Qxa4 Qb7 21. Qc2 Rb8 22. Ba1 Qb6 23. c5 Qxc5 24. Qxc5 {[%emt 0:00:07][%mdl 64] Remove Defender} dxc5 25. Bxe5 Re8 26. Bxf6 Bxf6 27. h3 Bf5 28. g4 Bc8 29. Kf1 Ba6 30. Nd2 Bb5 31. Ne4 Be7 32. Rc1 Ra8 33. Bf3 f5 (33... Kg7 $142) 34. gxf5 $16 gxf5 35. Nxc5 Bg5 {[%emt 0:00:32] [#]} 36. Rb1 (36. Rc2 $142 $1) 36... Ra3 37. Kg2 Kf7 38. Rb3 Ra1 39. Rc3 Ke7 40. Rc2 Ra3 {[%emt 0:01:08] Prevents Nb3.} 41. Bh5 Kd6 (41... Bf4 $16) 42. Bg6 $18 Ke5 {[%emt 0:01:20] [#]} 43. Kg3 (43. Nd7+ $1 $18 Ke6 44. Nf8+ Kd6 45. Bxf5) 43... Be7 44. f4+ Kd5 $2 {[%emt 0:05:43] A mistake that costs the game.} (44... Kf6 $16) 45. Bf7+ Kd6 46. Be6 Ba4 47. Nxa4 Kxe6 48. Rxc6+ {[%emt 0:00:30][%mdl 4096] Endgame KRB-KRN} Bd6 $2 (48... Kd7 49. Rc4 Ra2) 49. Nc3 (49. Nb2 $142) 49... Rb3 50. Kf3 Kd7 51. Rc4 Bb4 52. Nd5 Bd2 53. Nf6+ Ke6 54. Nh5 Rb1 55. Rc5 Rf1+ 56. Kg2 Re1 57. Re5+ Kd6 58. Kf2 Rh1 59. Rxf5 Rxh3 (59... Rh2+ $142 60. Kf3 Rxh3+ 61. Kg2 Rh4) 60. Ng3 Ke6 61. Rh5 Rxh5 62. Nxh5 {[%emt 0:00:05] White wants to mate with e4. KB-KN} Kf5 63. Kf3 Kg6 64. Kg4 {[%emt 0:00:13] White threatens e4 and mate.} Be3 65. f5+ {[%emt 0:00:10] White mates.} Kf7 66. Kf3 Bd4 67. e3 Bc3 68. d4 Bb2 69. Ke4 Ke7 70. Kd5 Bc1 71. e4 Bb2 72. e5 Kf7 73. e6+ Ke7 74. f6+ Kf8 75. e7+ Kf7 76. Ng7 {[%emt 0:00:10] Weighted Error Value: White=0.17 (very precise) /Black=0.24 (precise)} 1-0

[Event "Krakow Championship-A 2022"]
[Site "Krakow"]
[Date "2022.06.30"]
[Round "7.1"]
[White "Nguyen, Piotr"]
[Black "Fus, Jakub"]
[Result "1/2-1/2"]
[ECO "A46"]
[WhiteElo "2402"]
[BlackElo "2378"]
[Annotator "TA"]
[PlyCount "55"]
[EventDate "2022.06.25"]
[EventType "swiss"]
[EventCountry "POL"]
[SourceTitle "playchess.com"]
[Source "ChessBase"]
[SourceQuality "1"]
[TimeControl "40/5400+30:1800+30"]

1. d4 Nf6 2. Nf3 d5 3. g3 e6 4. Bg2 Be7 5. O-O O-O 6. c4 c6 7. Qc2 b6 8. Nbd2 Bb7 9. e4 Na6 10. a3 $1 {[%emt 0:00:09] The main line 10.a3 scores better than 10.e5. E06: Closed Catalan: Early deviations.} c5 11. exd5 exd5 12. dxc5 Nxc5 13. b4 Ne6 {[%emt 0:01:06] [#]} 14. Nh4 $146 ({Predecessor:} 14. Bb2 Rc8 15. Ne5 Qc7 16. Rac1 d4 17. Bxb7 Qxb7 18. Qd3 Nd7 19. Nef3 a5 20. Nxd4 Nxd4 21. Bxd4 axb4 22. axb4 Bxb4 23. Rfd1 Nc5 24. Bxc5 Bxc5 25. Ne4 Rfe8 {½-½ (25) Donchenko,A (2588)-Eljanov,P (2706) Biel 2018}) 14... Nd4 15. Qd1 Ne4 16. Bb2 {[%emt 0:01:02] [#] Prevents Nc3. Threatens to win with Nxe4.} Bf6 17. Ra2 {[%emt 0:05:28] Bxd4 is the strong threat.} Bxh4 18. Bxd4 {[%emt 0:14:32] Black must now prevent Nxe4.} Bg5 $1 19. Nxe4 dxe4 20. Qa1 Bh6 21. c5 Bd5 22. Rc2 Bb3 23. Rc3 (23. Re2 $1 $14) 23... Qxd4 $11 {[%emt 0:02:33] The position is equal.} 24. Rxb3 bxc5 25. Qxd4 {[%emt 0:01:40][%mdl 64] [#] Remove Defender} cxd4 26. Bxe4 Rac8 27. b5 Bd2 28. a4 {[%emt 0:03:07] Weighted Error Value: White=0.05 (flawless) /Black=0.04 (flawless)} 1/2-1/2